 Dungeon Crawl Stone Soup version 0.27-a0-661-gca034ae587 (webtiles) character file.

Game seed: 17272852527577435939

47 Riddle the Covert (level 3, 2/35 HPs)
             Began as a Gnoll Delver on Mar 17, 2021.
             Quit the game on level 4 of the Dungeon.
             The game lasted 00:01:45 (390 turns).

Riddle the Covert (Gnoll Delver)                     Turns: 390, Time: 00:01:46

Health: 2/35       AC:  3    Str: 11    XL:     3   Next: 70%
Magic:  4/4        EV: 13    Int:  9    God:
Gold:   21         SH:  0    Dex: 14    Spells: 3/3 levels left

rFire    . . .     SeeInvis .   a - +0 short sword
rCold    . . .     Faith    .   (no shield)
rNeg     . . .     Spirit   .   b - +0 leather armour
rPois    .         Reflect  .   (no helmet)
rElec    .         Harm     .   (no cloak)
rCorr    .         Rampage  .   (no gloves)
Will     .....                  (no boots)
Stlth    ++++......             (no amulet)
HPRegen  0.11/turn              (no ring)
MPRegen  0.09/turn              (no ring)

@: no status effects
A: fangs 1, strong nose, distributed training
a: no special abilities


You were on level 4 of the Dungeon.
You visited 1 branch of the dungeon, and saw 3 of its levels.

You collected 21 gold pieces.

Inventory:

Hand Weapons
 a - a +0 short sword (weapon)
Armour
 b - a +0 leather armour (worn)
Wands
 g - a wand of digging (3)
 h - a wand of paralysis (10)
Scrolls
 c - a scroll of fog
 d - a scroll of magic mapping
 e - a scroll of fear
Potions
 f - a potion of haste


   Skills:
 + Level 6.5 Fighting
 + Level 4.5 Short Blades
 + Level 0.9 Long Blades
 + Level 0.9 Axes
 + Level 0.9 Maces & Flails
 + Level 0.9 Polearms
 + Level 0.9 Staves
 + Level 0.9 Slings
 + Level 0.9 Bows
 + Level 0.9 Crossbows
 + Level 0.9 Throwing
 + Level 0.9 Armour
 + Level 4.5 Dodging
 + Level 9.5 Stealth
 + Level 0.9 Shields
 + Level 0.9 Unarmed Combat
 + Level 0.9 Spellcasting
 + Level 0.6 Conjurations
 + Level 0.6 Hexes
 + Level 0.6 Summonings
 + Level 0.6 Necromancy
 + Level 0.6 Translocations
 + Level 0.6 Transmutations
 + Level 0.6 Fire Magic
 + Level 0.6 Ice Magic
 + Level 0.6 Air Magic
 + Level 0.6 Earth Magic
 + Level 0.6 Poison Magic
 + Level 1.0 Invocations
 + Level 0.9 Evocations


You had 3 spell levels left.
You didn't know any spells.
Your spell library was empty.

Dungeon Overview and Level Annotations

Branches:
Dungeon (6/15)
 Temple: D:4-7

Altars:
The Shining One


Innate Abilities, Weirdness & Mutations

You have very sharp teeth.
Your uncanny sense of smell can sniff out nearby items.
Your experience applies equally to all skills.


Message History

You hit the crimson imp.
The crimson imp is moderately wounded.
The hobgoblin zombie misses you.
The crimson imp blinks!
The goblin zombie barely misses you.
The orc hits you from afar with a +0 trident.
The goblin zombie closely misses you. The crimson imp hits you.
* * * LOW HITPOINT WARNING * * *
The goblin zombie hits you but does no damage.
You open the door. The orc closely misses you.
The crimson imp closely misses you. The goblin skeleton closely misses you.
The goblin zombie barely misses you.
You hit the adder zombie.
The adder zombie is severely damaged.
The goblin zombie hits you but does no damage.
The adder zombie bites you.
* * * LOW HITPOINT WARNING * * *
The orc closely misses you. The crimson imp barely misses you.
The goblin skeleton barely misses you.
The goblin zombie hits you but does no damage.
Unknown command.
As you read the scroll of fear, it crumbles to dust.
You assume a fearsome visage.
The orc skeleton is unaffected.
The hobgoblin zombie is unaffected.
The orc zombie is unaffected.
The goblin zombie is unaffected.
The kobold skeleton is unaffected.
The goblin skeleton is unaffected.
The crimson imp is unaffected.
The goblin zombie is unaffected.
The hobgoblin zombie is unaffected.
The goblin zombie is unaffected.
The orc zombie is unaffected.
The kobold skeleton is unaffected.
The goblin zombie is unaffected.
The goblin skeleton is unaffected.
The adder zombie is unaffected.
The orc looks frightened!
The adder zombie bites you.
* * * LOW HITPOINT WARNING * * *
The goblin zombie barely misses you. The crimson imp hits you.
* * * LOW HITPOINT WARNING * * *
The kobold skeleton barely misses you.
Unknown command.
You are too injured to fight recklessly!
Unknown command.
Unknown command.
You are too injured to fight recklessly!
Are you sure you want to abandon this character and quit the game? (Confirm with "yes".)

##............# #.
###............# #.
.............###.. ##
#.##................ #
#................... #
#.......ZZ..........
....
....##ZZ###...........r.
...##o#Z####............
... #ZZ@Z.# .....#......
#.....ZZ5ZZ# .....#
..... #....+..ZZ.+
.....# .....
#..........# ... ....
#..........#
##....##+.#.. #...#
#.##. #... ..


You could see a crimson imp, an orc (fleeing), an adder zombie, 4 goblin
zombies, 2 hobgoblin zombies, 2 orc zombies, 2 goblin skeletons, 2 kobold
skeletons and an orc skeleton.

Vanquished Creatures
  A hound (D:4)
  2 adders
3 creatures vanquished.

Notes
Turn   | Place    | Note
-------+----------+-------------------------------------------
     0 | D:5      | Reached skill level 9 in Stealth
     0 | D:5      | Riddle the Gnoll Delver began the quest for the Orb.
     0 | D:5      | Reached XP level 1. HP: 23/23 MP: 1/1
    28 | D:5      | Reached XP level 2. HP: 29/29 MP: 2/2
    61 | D:6      | Noticed an orc warrior
    96 | D:4      | Reached skill level 1 in Invocations
    96 | D:4      | Reached XP level 3. HP: 20/35 MP: 2/4
   381 | D:4      | Found a glowing golden altar of the Shining One.
   390 | D:4      | Quit the game

Illustrated notes

Levels and vault maps discovered:
D:4:      layout_basic, nicolae_tso_besieged_by_evil, minmay_strange_pillars,
          kennysheep_boxes
D:5:      layout_layer_cave, gammafunk_temple_overflow_pools, serial_shops, shop
D:6:      layout_cave_pools, minmay_temple_entry_arrows, serial_shops, shop

Skill      XL: |  1  2 |
---------------+-------+-----
Stealth        | |  9.5
Invocations    | 1 |  1.0
Fighting       | |  6.5
Short Blades   | |  4.5
Long Blades    | |  0.9
Axes           | |  0.9
Maces & Flails | |  0.9
Polearms       | |  0.9
Staves         | |  0.9
Slings         | |  0.9
Bows           | |  0.9
Crossbows      | |  0.9
Throwing       | |  0.9
Armour         | |  0.9
Dodging        | |  4.5
Shields        | |  0.9
Unarmed Combat | |  0.9
Spellcasting   | |  0.9
Conjurations   | |  0.6
Hexes          | |  0.6
Summonings     | |  0.6
Necromancy     | |  0.6
Translocations | |  0.6
Transmutations | |  0.6
Fire Magic     | |  0.6
Ice Magic      | |  0.6
Air Magic      | |  0.6
Earth Magic    | |  0.6
Poison Magic   | |  0.6
Evocations     | |  0.9

Action                   || total
-------------------------++-------
Melee: Short sword       ||    40
       Bite              ||     4
  Use: Scroll            ||     1
 Stab: Sleeping          ||     1
Armor: Leather armour    ||    15
Dodge: Dodged            ||    44

Table legend: (Time is in decaauts)
 A = Elapsed time spent in this place.
 B = Non-inter-level travel time spent in this place.
 C = Inter-level travel time spent in this place.
 D = Time resting spent in this place.
 E = Time spent auto-exploring this place.
 F = Levels seen in this place.
 G = Mean time per level.
                   A        B        C        D        E       F      G
               +--------+--------+--------+--------+--------+-----+--------+
         Total |    385 |    385 |      0 |    144 |      0 |   3 |  128.3 |
       Dungeon |    385 |    385 |      0 |    144 |      0 |   3 |  128.3 |
               +--------+--------+--------+--------+--------+-----+--------+

Top non-repeatable levels by time:
     D:4: 306 daAuts
     D:5: 70 daAuts
     D:6: 8 daAuts
